 Dungeon Crawl Stone Soup version 0.28-a0-1518-gbe868bca14 (webtiles) character file.

Game seed: 15654276169481655562

298383 Zonian the Spry (level 21, -1/157 HPs)
             Began as a Djinni Ice Elementalist on Jan 14, 2022.
             Was the Champion of Makhleb.
             Killed from afar by an ironbound frostheart (15 damage)
             ... by creeping frost
             ... led by a vault warden
             ... on level 2 of the Vaults on Jan 17, 2022.
             The game lasted 05:20:31 (79929 turns).

Zonian the Spry (Djinni Ice Elementalist)          Turns: 79929, Time: 05:20:31

Health: -1/157     AC: 14    Str:  9    XL:     21   Next: 86%
Gold:   2271       EV: 18    Int: 27    God:    Makhleb [******] SH:  7 Dex: 12

rFire   + + +      SeeInvis .   a - +9 hunting sling of Fuuqy {flame, rF++ Will+ Dex-5}
rCold   + . .      Faith    .   K - +2 buckler {AC+3}
rNeg    . . .      Spirit   .   b - +2 leather armour {rC+}
rPois   ∞          Reflect  .   l - +0 hat {Stlth+}
rElec   +          Harm     .   M - +0 cloak
rCorr   +          Rampage  .   U - +2 pair of gloves {infuse}
Will    +++..                   (boots unavailable)
Stlth   +++++.....              Y - amulet of regeneration
HPRegen 1.16/turn               Q - ring of wizardry
MPRegen 0.00/turn               k - +6 ring of intelligence

@: resistant, flying, unable to read
A: sickness immunity, fire resistance 2, cold vulnerability 1, float, innate
caster, hp casting, extra vitality 1, dopey 1, inability to read while
threatened
}: 2/15 runes: decaying, gossamer
a: Renounce Religion, Minor Destruction, Lesser Servant of Makhleb, Major
Destruction, Greater Servant of Makhleb


You were on level 2 of the Vaults.
You worshipped Makhleb.
Makhleb was exalted by your worship.
You visited 8 branches of the dungeon, and saw 35 of its levels.
You visited the Abyss 1 time.
You also visited: Bailey.

You collected 3883 gold pieces.
You spent 1612 gold pieces at shops.

Inventory:

Hand Weapons
 a - the +9 hunting sling of Fuuqy (weapon) {flame, rF++ Will+ Dex-5}
   (You found it on level 2 of the Swamp)

   Any ammunition fired from it burns those it strikes, dealing additional fire
   damage.
   Dex:       It affects your dexterity (-5).
   rF:        It greatly protects you from fire.
   Will:      It increases your willpower.
 i - the +7 broad axe "Piriagh" {drain, Int+7 Stlth+}
   (You found it on level 4 of the Spider Nest)

   A truly terrible weapon, it drains the life of any living foe it strikes.
   Int:       It affects your intelligence (+7).
   Stlth:     It makes you more stealthy.
 j - the +4 long sword of Zutenled {speed, rF+}
   (You found it on level 1 of the Vaults)

   Attacks with this weapon are significantly faster.
   rF:        It protects you from fire.
 q - the +9 hunting sling "Iwnuruuv" {freeze, rPois rF- rCorr}
   (You found it on level 4 of the Dungeon)

   Any ammunition fired from it freezes those it strikes, dealing additional
   cold damage.
   It can also slow down cold-blooded creatures.
   rF:        It makes you vulnerable to fire.
   rPois:     It protects you from poison.
   rCorr:     It protects you from acid and corrosion.
 L - a +7 dagger of venom
Missiles
 c - 4 boomerangs of dispersal
 e - 8 javelins
 f - 2 silver javelins
 g - 44 boomerangs
 o - 42 sling bullets
 r - 338 stones (quivered ammo)
 I - 5 curare-tipped darts
Armour
 b - a +2 leather armour of cold resistance (worn)
 l - a +0 hat of stealth (worn)
 u - a +1 hat of intelligence
 G - a +2 robe of the Archmagi
 K - a +2 buckler of protection (worn)
 M - a +0 cloak (worn)
 R - the +8 chain mail "Xexkugaitt" {rF+ Regen+ Int+3}
   (You found it on level 2 of the Swamp)

   Int:       It affects your intelligence (+3).
   rF:        It protects you from fire.
   Regen:     It increases your rate of health regeneration.
 U - a +2 pair of gloves of infusion (worn)
Magical Staves
 h - a staff of earth
Jewellery
 k - a +6 ring of intelligence (right hand)
 v - the ring of the Enemy {Fire Str+6 Dex-4 Slay+6}
   (You acquired it on level 3 of the Lair of Beasts)

   [ring of fire]

   It enhances your fire magic.
   Str:       It affects your strength (+6).
   Dex:       It affects your dexterity (-4).
   Slay:      It affects your accuracy & damage with ranged weapons and melee
   (+6).
   rF:        It protects you from fire.
   rC:        It makes you vulnerable to cold.
 x - a ring of see invisible
 F - a ring of ice
 Q - a ring of wizardry (left hand)
 V - the ring "Wunud" {rElec rN+ AC+4 Str-5 Dex+5}
   (You found it on level 15 of the Dungeon)

   [ring of protection]

   AC:        It affects your AC (+4).
   Str:       It affects your strength (-5).
   Dex:       It affects your dexterity (+5).
   rElec:     It insulates you from electricity.
   rN:        It protects you from negative energy.
 Y - an amulet of regeneration (around neck)
Wands
 n - a wand of flame (45)
 B - a wand of digging (17)
 E - a wand of mindburst (5)
 J - a wand of paralysis (1)
Scrolls
 d - 4 scrolls of teleportation
 D - a scroll of holy word
 H - 11 scrolls of identify
 O - a scroll of fear
 S - 2 scrolls of magic mapping
 Z - a scroll of fog
Potions
 m - 3 potions of might
 p - 5 potions of curing
 s - 2 potions of cancellation
 t - 7 potions of lignification
 w - 9 potions of haste
 z - a potion of berserk rage
 C - 5 potions of brilliance
 T - a potion of heal wounds
 W - 2 potions of ambrosia
 X - 2 potions of invisibility
Miscellaneous
 y - a tin of tremorstones (2/2)
 N - a piece from Xom's chessboard (15/15)


   Skills:
 + Level 16.2 Fighting
 - Level 6.3 Short Blades
 + Level 6.3 Axes
 - Level 10.7 Slings
 - Level 9.3 Armour
 + Level 17.5 Dodging
 + Level 9.7 Stealth
 - Level 4.0 Shields
 + Level 13.0 Spellcasting
 - Level 13.9 Invocations
 - Level 9.1 Evocations


You couldn't memorise any spells.
You knew the following spells:

 Your Spells              Type           Power      Damage    Failure   Level
a - Freeze                Ice            100%       1d11      1%          1
b - Frozen Ramparts       Ice            100%       1d12      1%          3
c - Ozocubu's Armour      Ice            73%        N/A       1%          3
d - Hailstorm             Conj/Ice       73%        3d15      1%          4
e - Foxfire               Conj/Fire      100%       2x1d9     1%          1
f - Passwall              Tmut/Erth      60%        N/A       1%          2
g - Blink                 Tloc           100%       N/A       1%          2
h - Anguish               Hex/Necr       36%        N/A       1%          4
i - Animate Dead          Necr           36%        N/A       1%          4
j - Lee's Rapid Deconstr  Erth           36%        3d19*     1%          5
k - Summon Cactus Giant   Summ           36%        N/A       1%          6
l - Summon Hydra          Summ           36%        N/A       9%          7
m - Dragon Form           Tmut           36%        N/A       9%          7
n - Summon Horrible Thin  Summ           36%        N/A       52%         8
Your spell library was empty.

Dungeon Overview and Level Annotations

Branches:
Dungeon (15/15)            Temple (1/1) D:5            Lair (6/6) D:9
  Swamp (4/4) Lair:3       Spider (4/4) Lair:3        Slime (0/5) Lair:5
    Orc (2/2) D:9             Elf (1/3) Orc:2        Vaults (2/5) D:13
  Crypt (0/3) Vaults:2     Depths (0/4) D:15         Bailey (visited)

Altars:
Ashenzari
Cheibriados
Dithmenos
Elyvilon
Fedhas
Gozag
Hepliaklqana
Kikubaaqudgha
Makhleb
Nemelex Xobeh
Okawaru
Qazlal
Ru
Sif Muna
Trog
Uskayaw
Vehumet
Wu Jian
Xom
Yredelemnul
Zin
The Shining One
Beogh
Jiyva

Shops:
D:4 (   D:9 (   D:14 !   Orc:2 ([(:   Vaults:2 ?

Portals:
Trove: Vaults:1 (show abyssal rune of Zot)

Annotations:
D:11 2 transporters, iamoutofideas's ghost, journeyman DEFE
D:14 1 runed translucent door
D:15 3 runed translucent doors, Piusagh's ghost, novice FoAK


Innate Abilities, Weirdness & Mutations

You are immune to sickness and miasma.
You are immune to poison.
Your flesh is very heat resistant. (rF++)
You are vulnerable to cold. (rC-)
You float through the air rather than walking.
You learn spells naturally, not from books.
Your magical power is your life essence.
You have superior vitality. (+4 MHP)
You are dopey. (Int -2)
You sometimes lose the ability to read scrolls when taking damage.


Message History

A door slams shut!
Your four-headed hydra bites the ironbound frostheart.
Your four-headed hydra bites the ironbound frostheart! x3
The ironbound preserver dies!
Makhleb accepts your kill.
You cannot read scrolls in your current state!
Unknown command.
Okay, then.
Okay, then.
Okay, then.
You feel protected. The vault guard misses you.
The vault guard closely misses your blizzard demon.
The ironbound frostheart touches your four-headed hydra.
The ironbound frostheart freezes your four-headed hydra!!
Your four-headed hydra seems to slow down.
Your four-headed hydra dies!
Your four-headed hydra's corpse disappears in a puff of smoke!
The vault warden hits you but does no damage.
Okay, then.
Casting: Ozocubu's Armour (safe; 1% risk of failure)
Confirm with . or Enter, or press ? or * to list all spells.
Your icy armour will break if you move.
Continue?
You blink.
Your icy armour cracks and falls away as you move.
The ironbound frostheart shouts!
* * * LOW HITPOINT WARNING * * *
The ice encasing you melts away.
The vault guard hits your blizzard demon with a +0 war axe!
The vault warden hits you from afar with a +0 bardiche!
* * * LOW HITPOINT WARNING * * *
Your blizzard demon closely misses the vault warden.
Your blizzard demon hits the vault warden but does no damage.
Casting: Blink (safe; 1% risk of failure)
Confirm with . or Enter, or press ? or * to list all spells.
You blink.
* * * LOW HITPOINT WARNING * * *
The ironbound frostheart calls freezing cold from the walls.
The frost grips you! You partially resist.
You die...

#.>.'...#...######
############...#...# .#
#...#...#...########
#...'.|.'...#
#...#...#...##############
#...#...#####............####
#...#.......#............+.#.
#...#Y).....#....((pp(..§#...
#...#.......@.p.......)2p#..≈
#..p###'#####............#..≈
#..p.p.p....#........>...#...
#....pY.....####+#########..≈
#...........# . #..≈
#######+##### #... #.#. ####


You could see a dire elephant (wandering), an ironbound preserver and an
ironbound frostheart (corroded).

Vanquished Creatures
  A lich (Vaults:2)
  A sphinx (Vaults:2)
  A tengu reaver (Vaults:2)
  A tentacled starspawn (Abyss:3)
  A fenstrider witch (Swamp:2)
  3 emperor scorpions
  An orc warlord (Orc:2)
  A deep elf elementalist (Abyss:2)
  4 ghost moths
  Louise (Spider:2)
  A vault warden (Vaults:1)
  Aizul (Swamp:1)
  3 very ugly things
  6 ironbound preservers
  2 ironbound thunderhulks
  5 broodmothers
  A deep elf demonologist (Vaults:1)
  6 starcursed masses (Abyss:2)
  2 green draconians (Swamp:2)
  5 eleionomae
  4 dire elephants
  2 entropy weavers
  A purple draconian (Abyss:2)
  Snorg (D:13)
  A blizzard demon (Vaults:1)
  2 bunyips
  A crystal guardian (Vaults:1)
  6 spark wasps
  A deep elf death mage (Orc:2)
  3 shambling mangroves
  2 yaktaur captains
  2 great orbs of eyes (Vaults:2)
  Josephine (D:10)
  Harold (D:9)
  Erolcha (D:10)
  A peacekeeper (Vaults:1)
  22 hydras
  A spriggan air mage (Swamp:1)
  A catoblepas (D:14)
  10 boulder beetles
  An ogre mage (D:13)
  2 radroaches
  8 two-headed ogres
  2 ghost crabs
  3 jorogumos
  10 alligators
  12 centaur warriors
  An ironbound frostheart (Vaults:2)
  7 death scarabs (Spider:4)
  16 death yaks
  A dancing weapon (Orc:2)
  A tengu warrior (D:11)
  2 thrashing horrors (Abyss:3)
  4 orc high priests (Orc:2)
  3 sun moths
  3 wretched stars (Abyss:2)
  3 goliath frogs (Swamp:1)
  22 deep trolls
  5 steelbarb worms
  A spriggan druid (Swamp:4)
  4 pharaoh ants
  A glowing orange brain (Vaults:2)
  12 orb spiders
  11 swamp dragons
  3 bog bodies
  2 spectral wolf spiders (Spider:4)
  8 wizards
  A spriggan simulacrum (Abyss:2)
  7 ironbound convokers
  2 lindwurms (Vaults:2)
  A necromancer (D:15)
  4 wolf spider zombies (Spider:4)
  4 deep elf zephyrmancers
  22 wolf spiders
  A will-o-the-wisp (Swamp:2)
  25 ugly things
  8 deep elf pyromancers
  5 manticores
  5 orc sorcerers
  3 orc knights
  3 moths of wrath
  7 cyclopes
  A large abomination (Abyss:2)
  21 elephants
  A worldbinder (Abyss:2)
  7 black mambas
  8 vault sentinels
  5 torpor snails
  2 naga magi
  A gargoyle (D:11)
  19 cane toads
  4 smoke demons
  An orange demon (Abyss:2)
  Maggie (D:10)
  6 demonic crawlers
  A freezing wraith (Abyss:2)
  A rime drake (shapeshifter) (D:14)
  A rime drake (Lair:6)
  4 efreet
  An unseen horror (D:11)
  3 spectral redbacks (Spider:4)
  4 komodo dragons
  12 yaktaurs
  4 tengu conjurers
  A redback zombie (Spider:4)
  7 tyrant leeches
  4 trolls
  18 meliai
  8 polar bears
  A bloated husk (Swamp:4)
  A queen bee (D:15)
  A wolf spider simulacrum (D:14)
  31 tarantellas
  15 hornets
  A harpy skeleton (D:15)
  16 blink frogs
  4 spectral jumping spiders (Spider:4)
  3 spectral tarantellas (Spider:4)
  22 slime creatures
  2 dream sheep (Lair:6)
  Prince Ribbit (D:9)
  3 jumping spider zombies (Spider:4)
  38 jumping spiders
  A centaur simulacrum (D:15)
  A tarantella zombie (Spider:4)
  3 flying skulls (Abyss:3)
  2 shadows
  A spriggan (shapeshifter) (D:14)
  14 spriggans
  6 ynoxinuls
  7 wraiths
  48 yaks
  23 culicivoras
  6 wyverns
  2 chaos spawn (Abyss:2)
  10 basilisks
  7 vampire mosquitoes
  2 steam dragons
  75 redbacks
  A basilisk (shapeshifter) (D:13)
  A neqoxec (Abyss:2)
  3 wargs (Orc:2)
  15 swamp worms
  A spatial vortex (Abyss:2)
  14 water moccasins
  An acid dragon (D:11)
  3 spectral hornets (Spider:4)
  11 swamp drakes
  43 orc warriors
  An ice beast (D:6)
  14 ogres
  7 black bears
  4 boggarts (Lair:6)
  38 wolves
  17 centaurs
  A phantom (D:4)
  3 kobold brigands
  8 bullfrogs
  A wyvern zombie (D:7)
  6 scorpions
  2 gnoll sergeants (D:11)
  18 killer bees
  7 wights
  6 howler monkeys
  4 electric eels
  A bullfrog zombie (D:5)
  A centaur zombie (D:7)
  2 lava snakes (D:14)
  A jelly (D:5)
  5 hounds
  16 orc priests
  An iron imp (Abyss:2)
  4 centaur skeletons
  3 iguanas
  2 gnoll shamans
  22 orc wizards
  A scorpion zombie (D:5)
  11 hell rats
  6 small abominations
  A howler monkey zombie (D:10)
  12 gnolls
  9 adders
  14 river rats (Lair:3)
  A white imp (Abyss:2)
  3 worms
  2 dart slugs
  85 orcs
  4 ball pythons
  6 bats
  7 endoplasms
  A giant cockroach (D:2)
  8 hobgoblins
  7 jackals (D:4)
  28 kobolds
  13 quokkas
  3 frilled lizards
  13 goblins
  12 rats
  5 butterflies (Vaults:1)
  A fire vortex (Lair:5)
  A lurking horror (Abyss:2)
  A starspawn tentacle (Abyss:3)
1393 creatures vanquished.

Vanquished Creatures (collateral kills)
  Saint Roka (Vaults:1)
  Arachne (Spider:2)
  An orc warlord (Bailey)
  2 ironbound preservers (Vaults:2)
  A very ugly thing (Vaults:1)
  A war gargoyle (Vaults:2)
  A dire elephant (Vaults:2)
  A spark wasp (Spider:4)
  A centaur warrior (Vaults:2)
  2 hydras
  A death scarab (Spider:4)
  5 deep trolls
  A wizard (Vaults:2)
  An orc sorcerer (D:15)
  A wolf spider (Spider:4)
  A cyclops (D:14)
  An ugly thing (Vaults:1)
  A naga mage (D:15)
  A smoke demon (Abyss:2)
  2 yaktaurs
  A troll (D:11)
  A tarantella (Spider:4)
  A hornet (Spider:4)
  A spectral tarantella (Spider:4)
  A slime creature (Vaults:1)
  A jumping spider (Spider:4)
  A basilisk (D:14)
  A wraith (Abyss:2)
  2 redbacks (Spider:4)
  An acid dragon (D:14)
  2 spatial vortices (Abyss:2)
  A warg (Vaults:1)
  A large abomination (Abyss:2)
  A water moccasin (Lair:6)
  3 swamp drakes (Swamp:2)
  A killer bee (D:15)
  A river rat (Lair:3)
  3 orcs
  A rat (Lair:3)
52 creatures vanquished.

Vanquished Creatures (others)
  A wretched star (Abyss:2)
  A wolf spider zombie (D:15)
  2 hornets
  A bloated husk (Swamp:1)
  A redback (Spider:2)
  An orc warrior (Orc:2)
  A small abomination (Abyss:2)
  2 killer bees (D:15)
  A bush (Lair:4)
  4 foxfires
  64 fungi
  67 plants
  3 starspawn tentacles (Abyss:3)
149 creatures vanquished.

Grand Total: 1594 creatures vanquished

Notes
Turn   | Place    | Note
-------+----------+-------------------------------------------
     0 | D:1      | Zonian the Djinni Ice Elementalist began the quest for the
                  | Orb.
     0 | D:1      | Reached XP level 1. HP: 15/15 MP: 0/0
   362 | D:1      | Reached XP level 2. HP: 18/21 MP: 0/0
   634 | D:1      | Found a faded altar of an unknown god.
  1608 | D:1      | Reached XP level 3. HP: 23/25 MP: 0/0
  1608 | D:1      | Learned a level 1 spell: Foxfire
  2097 | D:2      | Reached skill level 3 in Dodging
  2465 | D:2      | Reached XP level 4. HP: 24/31 MP: 0/0
  3615 | D:3      | Reached XP level 5. HP: 30/35 MP: 0/0
  3615 | D:3      | Learned a level 2 spell: Passwall
  3839 | D:3      | Reached skill level 1 in Short Blades
  5028 | D:4      | Identified the +9 hunting sling "Iwnuruuv" {freeze, rPois
                  | rF- rCorr}
  5380 | D:4      | Noticed a phantom
  5458 | D:4      | Found Xehiored's Antique Weapon Shoppe.
  5646 | D:4      | Killed a phantom
  5647 | D:4      | Reached XP level 6. HP: 26/40 MP: 0/0
  6206 | D:5      | Entered Level 5 of the Dungeon
  6231 | D:5      | Reached skill level 4 in Dodging
  6252 | D:5      | Noticed an ogre
  6643 | D:5      | Reached XP level 7. HP: 41/45 MP: 0/0
  6643 | D:5      | Learned a level 2 spell: Blink
  6897 | D:5      | Found a staircase to the Ecumenical Temple.
  6909 | D:5      | Reached skill level 5 in Dodging
  6912 | Temple   | Entered the Ecumenical Temple
  7024 | D:5      | Reached XP level 8. HP: 50/50 MP: 0/0
  7029 | D:5      | Reached skill level 1 in Slings
  7732 | D:6      | Reached skill level 5 in Spellcasting
  8388 | D:6      | Reached skill level 6 in Dodging
  8404 | D:6      | Reached skill level 5 in Stealth
  8489 | D:6      | Reached XP level 9. HP: 50/55 MP: 0/0
  8489 | D:6      | Learned a level 4 spell: Anguish
  9785 | D:7      | Reached skill level 7 in Dodging
 10060 | D:7      | Noticed a two-headed ogre
 10225 | Temple   | Became a worshipper of Makhleb the Destroyer
 10519 | D:7      | Killed a two-headed ogre
 10520 | D:7      | Reached XP level 10. HP: 32/60 MP: 0/0
 11182 | D:8      | Found a broken altar of Ashenzari.
 11221 | D:8      | Noticed a two-headed ogre
 11232 | D:8      | Killed a two-headed ogre
 11233 | D:8      | Reached skill level 8 in Dodging
 11233 | D:8      | Reached skill level 1 in Invocations
 11635 | D:8      | Found a hazy altar of Hepliaklqana.
 11635 | D:8      | Found a shadowy altar of Dithmenos.
 11637 | D:8      | Found an ornate altar of the Wu Jian Council.
 11638 | D:8      | Found a basalt altar of Yredelemnul.
 11837 | D:9      | Noticed Prince Ribbit
 11839 | D:9      | Noticed a cyclops
 11862 | D:9      | Killed Prince Ribbit
 11881 | D:9      | Killed a cyclops
 11882 | D:9      | Reached skill level 5 in Slings
 12650 | D:9      | Noticed Harold
 12673 | D:9      | Killed Harold
 12674 | D:9      | Reached XP level 11. HP: 60/65 MP: 0/0
 12674 | D:9      | Learned a level 4 spell: Animate Dead
 12678 | D:9      | Reached * piety under Makhleb
 13115 | D:9      | Found a staircase to the Lair.
 13168 | D:9      | Reached skill level 9 in Dodging
 13409 | D:9      | Found Irghigh's Antique Weapon Shop.
 13413 | D:9      | Found a staircase to the Orcish Mines.
 13530 | Lair:1   | Entered Level 1 of the Lair of Beasts
 13530 | Lair:1   | Noticed a six-headed hydra
 13539 | Lair:1   | Killed a six-headed hydra
 14622 | Lair:1   | Reached skill level 5 in Invocations
 15280 | Lair:1   | Noticed an elephant
 15280 | Lair:1   | Noticed an elephant
 15300 | Lair:1   | Killed an elephant
 15341 | Lair:1   | Noticed an elephant
 15363 | Lair:1   | Killed an elephant
 15859 | Lair:1   | Killed an elephant
 15860 | Lair:1   | Reached XP level 12. HP: 52/70 MP: 0/0
 16314 | Lair:2   | Reached skill level 10 in Dodging
 16806 | Lair:2   | Reached ** piety under Makhleb
 17602 | Lair:2   | Reached skill level 1 in Fighting
 18263 | Lair:3   | Noticed a seven-headed hydra
 18791 | Lair:3   | Identified a scroll of acquirement
 18791 | Lair:3   | Acquired the ring of the Enemy {Fire Str+6 Dex-4 Slay+6}
 18942 | Lair:3   | Reached *** piety under Makhleb
 19196 | Lair:3   | Killed a seven-headed hydra
 19591 | Lair:3   | Found a staircase to the Swamp.
 19662 | Lair:3   | Found a hole to the Spider Nest.
 20171 | Lair:4   | Noticed a seven-headed hydra
 20208 | Lair:4   | Noticed a six-headed hydra
 20226 | Lair:4   | Killed a six-headed hydra
 20355 | Lair:4   | Reached XP level 13. HP: 60/81 MP: 0/0
 20355 | Lair:4   | Learned a level 5 spell: Lee's Rapid Deconstruction
 21131 | Lair:4   | Reached skill level 11 in Dodging
 21653 | Lair:4   | Killed a seven-headed hydra
 23745 | Lair:4   | Identified the +1 chain mail of Uskayaw's Indignation
                  | {Rampage rF- Slay+5}
 23796 | Lair:4   | Reached skill level 5 in Fighting
 24415 | Lair:4   | Reached **** piety under Makhleb
 25020 | Lair:5   | Reached XP level 14. HP: 82/92 MP: 0/0
 25110 | Lair:5   | You are sucked into a shaft and drop 1 floor!
 25110 | Lair:6   | Entered Level 6 of the Lair of Beasts
 25115 | Lair:6   | Found a shimmering altar of Xom.
 25208 | Lair:6   | Reached skill level 12 in Dodging
 25758 | Lair:5   | Found a viscous altar of Jiyva.
 25758 | Lair:5   | Found a staircase to the Slime Pits.
 29614 | Lair:6   | Reached XP level 15. HP: 38/101 MP: 0/0
 29614 | Lair:6   | Learned a level 6 spell: Summon Cactus Giant
 29623 | Lair:6   | HP: 4/101 [spriggan rider (14)]
 30003 | Lair:6   | Reached ***** piety under Makhleb
 30116 | Lair:6   | Reached skill level 13 in Dodging
 30847 | D:10     | Entered Level 10 of the Dungeon
 30936 | D:10     | Found a flagged portal.
 30956 | Bailey   | Entered a bailey
 30964 | Bailey   | Noticed an orc warlord
 31108 | Bailey   | Found a runed translucent gate.
 31108 | Bailey   | Found a runed translucent gate.
 31108 | Bailey   | Found a runed translucent gate.
 31261 | Bailey   | Killed an orc warlord
 31300 | Bailey   | Acquired a manual of Fighting
 31308 | Bailey   | Reached skill level 10 in Spellcasting
 31308 | Bailey   | Reached skill level 10 in Invocations
 31308 | Bailey   | Reached XP level 16. HP: 110/110 MP: 0/0
 31404 | D:10     | Noticed Maggie
 31412 | D:10     | Killed Maggie
 31532 | D:10     | Noticed Erolcha
 31538 | D:10     | Killed Erolcha
 31860 | D:10     | Noticed Josephine
 31866 | D:10     | Killed Josephine
 32948 | D:11     | You are sucked into a shaft and drop 2 floors!
 32948 | D:13     | Found a gate to the Vaults.
 33583 | D:12     | Reached skill level 10 in Slings
 35887 | D:11     | Found a transporter.
 35895 | D:11     | Found a transporter.
 35899 | D:11     | Noticed iamoutofideas's ghost (journeyman DEFE)
 36211 | D:11     | Reached skill level 10 in Fighting
 36376 | D:11     | Reached skill level 14 in Dodging
 37245 | D:11     | Identified the +1 falchion "Lufos" {speed, rPois Dex+7
                  | SInv}
 38088 | D:13     | Noticed Snorg
 38100 | D:13     | Killed Snorg
 38545 | D:13     | Upgraded the game from 0.28-a0-1506-g3893175d92 to
                  | 0.28-a0-1510-gd0f6b136d3
 38639 | D:14     | Reached XP level 17. HP: 120/120 MP: 0/0
 38639 | D:14     | Learned a level 7 spell: Summon Hydra
 39006 | D:14     | Reached skill level 1 in Evocations
 40077 | D:14     | Found Onihoadd's Distillery.
 40308 | D:14     | Found a runed translucent door.
 40314 | D:14     | Noticed a storm dragon
 40625 | D:15     | Entered Level 15 of the Dungeon
 41114 | D:15     | Found a glowing golden altar of the Shining One.
 41408 | D:15     | Found a runed translucent gate.
 41408 | D:15     | Found a runed translucent gate.
 41408 | D:15     | Found a runed translucent gate.
 41410 | D:15     | Noticed Piusagh's ghost (novice FoAK)
 41916 | D:15     | Identified the ring "Wunud" {rElec rN+ AC+4 Str-5 Dex+5}
 42106 | D:14     | Bought a potion of haste for 130 gold pieces
 42106 | D:14     | Bought a potion of heal wounds for 65 gold pieces
 42106 | D:14     | Bought a potion of heal wounds for 65 gold pieces
 42113 | D:15     | Paralysed by an orc sorcerer for 7 turns
 42961 | D:15     | Found a staircase to the Depths.
 43402 | Orc:1    | Entered Level 1 of the Orcish Mines
 43979 | Orc:2    | Entered Level 2 of the Orcish Mines
 44323 | Orc:2    | Found a staircase to the Elven Halls.
 44381 | Orc:2    | Reached ****** piety under Makhleb
 45496 | Orc:2    | Found Faypean's Antique Armour Shop.
 45504 | Orc:2    | Found Mymuewit's Antique Weapon Boutique.
 45540 | Orc:2    | Bought a bloodstained leather armour for 168 gold pieces
 45540 | Orc:2    | Identified the +3 leather armour of the Pleiades {Rampage
                  | Int+2} (You bought it in a shop on level 2 of the Orcish
                  | Mines)
 45807 | Orc:2    | Found Hulok's Antique Weapon Shop.
 45925 | Orc:2    | Found Naoblag's Book Boutique.
 46528 | Orc:1    | Reached skill level 1 in Armour
 46855 | Orc:2    | Bought a jet-encrusted chain mail for 228 gold pieces
 46855 | Orc:2    | Identified the +0 chain mail of Hide-and-Seek {Slay+5
                  | Stlth+} (You bought it in a shop on level 2 of the Orcish
                  | Mines)
 46958 | Spider:1 | Entered Level 1 of the Spider Nest
 47973 | Spider:1 | Identified the +1 spear of a treasure trove {spect, rPois
                  | rF+}
 49603 | Spider:1 | Reached XP level 18. HP: 130/130 MP: 0/0
 50645 | Spider:2 | Reached skill level 5 in Short Blades
 50659 | Spider:2 | Reached skill level 15 in Dodging
 50860 | Spider:2 | Reached skill level 5 in Evocations
 51257 | Spider:2 | Noticed Arachne
 51703 | Spider:2 | Noticed Louise
 51887 | Spider:2 | Killed Louise
 52229 | Spider:2 | You are sucked into a shaft and drop 1 floor!
 54929 | Spider:2 | Killed Arachne
 55225 | D:9      | Bought a glowing demon trident for 540 gold pieces
 56472 | Spider:3 | Reached skill level 5 in Armour
 57195 | Spider:3 | Reached XP level 19. HP: 139/139 MP: 0/0
 57195 | Spider:3 | Learned a level 7 spell: Dragon Form
 57553 | Spider:4 | Entered Level 4 of the Spider Nest
 58006 | Spider:4 | Identified the +7 broad axe "Piriagh" {drain, Int+7 Stlth+}
 59126 | Spider:4 | Reached skill level 1 in Axes
 61724 | Spider:4 | Reached skill level 16 in Dodging
 61793 | Spider:4 | Got a gossamer rune of Zot
 62399 | Swamp:1  | Entered Level 1 of the Swamp
 63160 | Swamp:1  | Noticed Aizul
 63180 | Swamp:1  | Killed Aizul
 64074 | Swamp:2  | Reached XP level 20. HP: 148/148 MP: 0/0
 64774 | Swamp:2  | Identified the +8 chain mail "Xexkugaitt" {rF+ Regen+
                  | Int+3}
 65079 | Swamp:2  | Identified the +9 hunting sling of Fuuqy {flame, rF++ Will+
                  | Dex-5}
 65219 | Swamp:2  | Reached skill level 15 in Fighting
 66559 | Swamp:4  | Entered Level 4 of the Swamp
 68485 | Swamp:4  | Got a decaying rune of Zot
 68782 | Elf:1    | Entered Level 1 of the Elven Halls
 70610 | Vaults:1 | Entered Level 1 of the Vaults
 71181 | Vaults:1 | Noticed Saint Roka
 71183 | Vaults:1 | Upgraded the game from 0.28-a0-1510-gd0f6b136d3 to
                  | 0.28-a0-1518-gbe868bca14
 71198 | Vaults:1 | Killed Saint Roka
 71302 | Vaults:1 | Found a huge runed gate.
 71302 | Vaults:1 | Found a huge runed gate.
 71304 | Vaults:1 | Found a huge runed gate.
 71304 | Vaults:1 | Found a huge runed gate.
 71305 | Vaults:1 | Found a huge runed gate.
 71315 | Vaults:1 | HP: 1/150 [yaktaur captain/bolt (35)]
 71435 | Vaults:1 | Found a huge runed gate.
 71552 | Vaults:1 | Found a huge runed gate.
 71552 | Vaults:1 | Found a huge runed gate.
 71555 | Vaults:1 | Found a huge runed gate.
 71555 | Vaults:1 | Found a huge runed gate.
 71555 | Vaults:1 | Found a huge runed gate.
 71555 | Vaults:1 | Found a huge runed gate.
 71555 | Vaults:1 | Found a huge runed gate.
 71555 | Vaults:1 | Found a huge runed gate.
 71556 | Vaults:1 | Found a huge runed gate.
 71557 | Vaults:1 | Found a huge runed gate.
 71558 | Vaults:1 | Found a huge runed gate.
 71955 | Vaults:1 | Reached XP level 21. HP: 156/156 MP: 0/0
 71955 | Vaults:1 | Learned a level 8 spell: Summon Horrible Things
 72090 | Vaults:1 | Reached skill level 5 in Axes
 72575 | Vaults:1 | Cast into level 2 of the Abyss (a deep elf demonologist)
 72707 | Abyss:2  | Gained mutation: You are dopey. (Int -2) [a neqoxec]
 72710 | Abyss:2  | Gained mutation: You sometimes lose the ability to read
                  | scrolls when taking damage. [a neqoxec]
 72964 | Abyss:2  | Found a corrupted altar of Lugonu.
 73476 | Vaults:1 | Escaped the Abyss
 73483 | Vaults:1 | Noticed a Brimstone Fiend
 73507 | Vaults:1 | Identified the +4 long sword of Zutenled {speed, rF+}
 73827 | Vaults:1 | Found a huge runed gate.
 73828 | Vaults:1 | Found a huge runed gate.
 73836 | Vaults:1 | Found a huge runed gate.
 73836 | Vaults:1 | Found a huge runed gate.
 73836 | Vaults:1 | Found a huge runed gate.
 73836 | Vaults:1 | Found a huge runed gate.
 73836 | Vaults:1 | Found a huge runed gate.
 73836 | Vaults:1 | Found a huge runed gate.
 73837 | Vaults:1 | Found a huge runed gate.
 73838 | Vaults:1 | Found a huge runed gate.
 73839 | Vaults:1 | Found a huge runed gate.
 73848 | Vaults:1 | Found a huge runed gate.
 73848 | Vaults:1 | Found a huge runed gate.
 73848 | Vaults:1 | Found a huge runed gate.
 73848 | Vaults:1 | Found a huge runed gate.
 73848 | Vaults:1 | Found a huge runed gate.
 73848 | Vaults:1 | Found a huge runed gate.
 73849 | Vaults:1 | Found a huge runed gate.
 73850 | Vaults:1 | Found a huge runed gate.
 73923 | Vaults:1 | Found a portal to a secret trove of treasure.
 74452 | Vaults:1 | Reached skill level 17 in Dodging
 77214 | Vaults:2 | Found a staircase to the Crypt.
 77214 | Vaults:2 | Found a basalt altar of Yredelemnul.
 79067 | Vaults:2 | Identified the +1 robe of Catatonia {Rampage Drain rN++
                  | Stlth+}
 79163 | Vaults:2 | Identified the +1 robe "Fiusch" {rF+ Regen+ Stlth+}
 79584 | Vaults:2 | Found Fialaev's Magic Scroll Shop.
 79770 | Vaults:2 | Bought a scroll of holy word for 142 gold pieces
 79770 | Vaults:2 | Bought a scroll of fear for 66 gold pieces
 79770 | Vaults:2 | Bought a scroll of magic mapping for 66 gold pieces
 79770 | Vaults:2 | Bought a scroll of enchant weapon for 142 gold pieces
 79929 | Vaults:2 | Killed from afar by an ironbound frostheart

Illustrated notes

Levels and vault maps discovered:
D:1:      amcnicky_arrival_wind_blow, layout_basic,
          ebering_ecumenical_altar_mist
D:2:      layout_basic, st_stairs_10
D:3:      layout_basic
D:4:      layout_basic, serial_shops, shop, dk_rats_in_the_wall
D:5:      minmay_skewed_foursquare, layout_rooms,
          minmay_temple_entry_butterflies, minmay_checkerbox
D:6:      layout_basic
D:7:      layout_basic
D:8:      layout_cave_pools, mainiacjoe_overflow_chevrons, minitemple
D:9:      layout_loops_ring, lair_entry_dummy, orc_0_dummy, serial_shops,
          nicolae_diamond_shop, chequers_big_river, kennysheep_generic_room_4,
          uniq_harold, uniq_prince_ribbit1
D:10:     layout_basic, enter_bailey_5, uniq_maggie, uniq_erolcha,
          uniq_josephine
D:11:     minmay_the_grid_net [minmay_the_grid_all_tris, minmay_the_grid_rooms,
          minmay_the_grid_armoury, minmay_the_grid_empty,
          minmay_the_grid_square_x, minmay_the_grid_prize_shrinking_boxes],
          layout_basic, gammafunk_ghost_stat_death
D:12:     layout_loops_cross
D:13:     layout_cave_pools, david_vaults_2, uniq_snorg
D:14:     layout_irregular_city, dk_noncrumbling_2, nicolae_take_the_stairs,
          kennysheep_big_empty_room, minivault_13
D:15:     grunt_enter_depths_magical_seal, layout_layer_cave,
          gammafunk_ghost_necromancy, tso_altar, chequers_serial_rivers_large_a,
          minivault_26, nicolae_looking_at_the_future
Temple:   nicolae_temple_x_marks_the_god
Lair:1:   layout_hall_layers, chequers_serial_rivers_marsh, lemuel_fruit_tree,
          serial_bayou_shore_a, infiniplex_staircase_pool_2
Lair:2:   layout_roguey, grunt_megastairs_3
Lair:3:   lemuel_ratsnest, layout_hall_layers, minmay_swamp_entry_worms,
          spider_nest_entry_rubble, serial_bayou_shore_b
Lair:4:   layout_cave_pods, serial_bayou_shore_b, lemuel_fruit_fields
Lair:5:   layout_loops_ring, dpeg_slime_entry_enclosed_altar,
          lightli_volcano_entry_magma_tube, portal_ice_cave_entry_pillars_1,
          nicolae_quartered_pool_impasse, serial_bayou_pond_b,
          beast_lair_carwin_5
Lair:6:   minmay_lair_end_enchanted_forest, layout_small_grid, basic_altar,
          grunt_megastairs_5
Swamp:1:  layout_basic_swamp, nicolae_swamp_round_clearing, uniq_aizul
Swamp:2:  layout_basic_swamp, hangedman_swamp_ruin_wall, swamp_pool1,
          hangedman_swamp_dais
Swamp:3:  layout_basic_swamp, hangedman_swamp_pad
Swamp:4:  swamp, layout_basic_swamp
Spider:1: layout_spider_delve, drop_trap, hellmonk_watch_for_rolling_rocks,
          hangedman_spider_tarantella_strand
Spider:2: layout_cave_pods, uniq_arachne, uniq_louise
Spider:3: layout_chambers
Spider:4: floodkiller_spider_rune_tomb
Orc:1:    layout_caves
Orc:2:    grunt_orc_community_town_hall, layout_caves,
          grunt_orc_community_big_house_1, grunt_orc_community_big_house_2,
          grunt_orc_community_house_2, grunt_orc_community_house_3,
          grunt_orc_community_house_2, grunt_orc_community_house_2,
          grunt_orc_community_house_2
Elf:1:    eino_elf_arrival_sip, layout_gridlike,
          gammafunk_ghost_wrathful_warriors,
          hangedman_elven_crosses_minicolossus, hex_intersection,
          nicolae_elf_altarnating, lemuel_upstairs_altar
Vaults:1: v_misc_16, v_misc_23, nicolae_vaults_circle_grid_a,
          nicolae_vaults_little_ls, grunt_vaults_funnel, v_misc_17,
          nicolae_vaults_little_squares_1, not_door_vault_mu,
          grunt_vaults_swirl, ontoclasm_vaults_ring_square,
          nicolae_vaults_little_squares_5, layout_vaults_omnibox, enter_trove_3,
          uniq_saint_roka
Vaults:2: ontoclasm_vaults_idyll, grunt_tower_of_power,
          nicolae_vaults_little_squares_4, v_misc_13,
          minmay_crypt_entry_necro_gods, vaults_room_fours,
          hangedman_vaults_locks, vaults_room_stairs_pillars,
          nicolae_vaults_disjoint_gnomons, ontoclasm_vaults_ligature,
          ontoclasm_vaults_bender, vaults_standard_mumra_enter_the_diamond,
          hangedman_vaults_nails, vaults_room_mumra_shop_pool,
          vaults_dpeg_diagonal, layout_vaults_big_cross, uniq_margery

Skill      XL: |  1  2  3  4  5  6  7  8  9 10 11 12 13 14 15 16 17 18 19 20 21 |
---------------+----------------------------------------------------------------+-----
Stealth        | 2 3 4 5 6 7 8 9 |  9.7
Dodging        | 3 4 5 6 7 8 9 10 11 12 13 14 15 16 17 | 17.5
Short Blades   | 1 2 4 6 |  6.3
Spellcasting   | 4 5 6 7 8 9 10 11 12 13 | 13.0
Slings         | 2 4 5 6 7 8 9 10 | 10.7
Invocations    | 3 5 6 8 9 10 11 12 13 | 13.9
Fighting       | 3 5 7 8 10 12 13 14 15 16 | 16.2
Shields        | 2 4 |  4.0
Evocations     | 4 6 7 9 |  9.1
Armour         | 2 5 6 8 9 |  9.3
Axes           | 3 4 6 |  6.3

Action                   |  1- 3 |  4- 6 |  7- 9 | 10-12 | 13-15 | 16-18 | 19-21 || total
-------------------------+-------+-------+-------+-------+-------+-------+-------++-------
Melee: Unarmed           |     9 |       |       |       |       |       |       ||     9
       Punch             |     1 |       |       |       |     1 |       |       ||     2
       Dagger            |       |    57 |       |    26 |    69 |   381 |   412 ||   945
       Whip              |       |       |       |     3 |       |       |       ||     3
       Scimitar          |       |       |       |       |       |    15 |     1 ||    16
       Hunting sling     |       |       |       |       |       |     2 |       ||     2
       Broad axe         |       |       |       |       |       |       |    47 ||    47
       Long sword        |       |       |       |       |       |       |    25 ||    25
 Fire: Hunting sling     |       |    35 |   192 |   544 |   746 |  1427 |  1779 ||  4723
Throw: Throwing net      |       |       |       |     1 |       |     5 |     3 ||     9
       Dart              |       |       |       |       |       |       |     4 ||     4
       Boomerang         |       |       |       |       |       |       |     1 ||     1
 Cast: Freeze            |    60 |    55 |       |     4 |       |       |     3 ||   122
       Frozen Ramparts   |       |       |     5 |     9 |    14 |    35 |    31 ||    94
       Ozocubu's Armour  |       |       |     5 |    10 |    14 |    21 |    31 ||    81
       Anguish           |       |       |       |     2 |     2 |     1 |     4 ||     9
       Hailstorm         |       |       |       |     2 |     5 |    11 |     3 ||    21
       Animate Dead      |       |       |       |     3 |     9 |    10 |    37 ||    59
       Blink             |       |       |       |     1 |     3 |    16 |    30 ||    50
       Foxfire           |       |       |       |     1 |       |       |       ||     1
       Lee's Rapid Decon |       |       |       |       |     4 |    41 |    34 ||    79
       Summon Cactus Gia |       |       |       |       |       |     3 |    11 ||    14
       Passwall          |       |       |       |       |       |     1 |       ||     1
       Summon Hydra      |       |       |       |       |       |       |     1 ||     1
Invok: Lesser Servant of |       |       |       |       |     1 |     1 |       ||     2
       Major Destruction |       |       |       |       |       |     1 |       ||     1
       Greater Servant o |       |       |       |       |       |       |     6 ||     6
Evoke: Wand              |       |       |     5 |    22 |    17 |    31 |    49 ||   124
       Tin of tremorston |       |       |       |       |       |       |     6 ||     6
  Use: Scroll            |     1 |     3 |     8 |    13 |    11 |     9 |    18 ||    63
       Potion            |       |       |     1 |     1 |     3 |     8 |    18 ||    31
 Stab: Sleeping          |       |     5 |       |     4 |     1 |    14 |     3 ||    27
       Distracted        |       |       |       |       |     1 |       |       ||     1
       Paralysed         |       |       |       |       |       |     1 |     1 ||     2
       Held in net/web   |       |       |       |       |       |       |     1 ||     1
Armor: Robe              |    19 |    12 |     7 |     4 |       |       |     4 ||    46
       Steam dragon scal |       |       |       |    81 |   122 |   273 |       ||   476
       Leather armour    |       |       |       |       |       |    22 |   423 ||   445
Dodge: Dodged            |    34 |    54 |    46 |   212 |   276 |   809 |   879 ||  2310
Block: Buckler           |       |       |       |       |     3 |   185 |   241 ||   429

Table legend: (Time is in decaauts)
 A = Elapsed time spent in this place.
 B = Non-inter-level travel time spent in this place.
 C = Inter-level travel time spent in this place.
 D = Time resting spent in this place.
 E = Time spent auto-exploring this place.
 F = Levels seen in this place.
 G = Mean time per level.
                   A        B        C        D        E       F      G
               +--------+--------+--------+--------+--------+-----+--------+
         Total |  78807 |  75110 |   3697 |  34802 |  24598 |  38 | 2073.9 |
       Dungeon |  27149 |  25476 |   1673 |  10656 |  10722 |  15 | 1809.9 |
        Temple |     76 |     67 |      9 |      0 |     46 |   1 |   76.0 |
          Lair |  17677 |  16670 |   1007 |   8552 |   5187 |   6 | 2946.2 |
         Swamp |   5778 |   5429 |    349 |   1861 |   2189 |   4 | 1444.5 |
   Spider Nest |  14512 |  14131 |    381 |   7429 |   3440 |   4 | 3628.0 |
  Orcish Mines |   4648 |   4524 |    124 |   2422 |   1164 |   2 | 2324.0 |
   Elven Halls |     36 |     36 |      0 |      0 |      0 |   1 |   36.0 |
        Vaults |   7745 |   7596 |    149 |   3768 |   1833 |   2 | 3872.5 |
         Abyss |    839 |    839 |      0 |    111 |     15 |   2 |  419.5 |
        Bailey |    343 |    343 |      0 |      0 |      0 |   1 |  343.0 |
               +--------+--------+--------+--------+--------+-----+--------+

Top non-repeatable levels by time:
Spider:4: 4529 daAuts
Vaults:1: 4319 daAuts
  Lair:4: 4107 daAuts
    D:11: 3752 daAuts
  Lair:5: 3740 daAuts
  Lair:3: 3680 daAuts
   Orc:2: 3554 daAuts
Spider:2: 3467 daAuts
Vaults:2: 3426 daAuts
Spider:1: 3331 daAuts
Spider:3: 3183 daAuts
     D:9: 3061 daAuts
    D:15: 2535 daAuts
  Lair:1: 2468 daAuts
    D:14: 2101 daAuts
